[Event "GER-ch Blitz 2019"]
[Site "Magdeburg"]
[Date "2019.05.25"]
[Round "10.15"]
[White "Stern, Rene"]
[Black "Schulz, Karsten"]
[Result "1-0"]
[ECO "A05"]
[WhiteElo "2538"]
[BlackElo "2227"]
[Annotator "ChessBase"]
[PlyCount "67"]
[EventDate "2019.05.25"]
[EventType "tourn"]
[EventCountry "GER"]
[Tiebreak "Number of wins+Number of black wins"]
[SourceTitle "playchess.com"]
[Source "ChessBase"]
[SourceQuality "1"]
[TimeControl "180+2"]

1. Nf3 Nf6 2. c4 g6 3. Nc3 Bg7 4. e4 O-O 5. d4 c6 6. Be2 d5 7. e5 Ne4 8. cxd5 cxd5 9. O-O Nc6 10. Na4 f6 11. exf6 exf6 12. Be3 f5 13.
g3 Be6 14. Rc1 Rc8 15. Nc5 Nxc5 16. Rxc5 b6 17. Rc1 Na5 18. b3 Qd7 19. Qd2 Rxc1 20. Rxc1 Rc8 21. Bf4 Rxc1+ 22. Qxc1 Qc8 23. Qe3 Nc6 24. h4 Bf7 25. Qc3 Ne7 26. Qb4 Bf8 27. Qd2 Nc6 28. Bb5 Nd8 29. Be5 Ne6 30. Kg2 a5 31. Ng5 Nxg5 32. Qxg5 Qc2 33. Qf6 Qe4+ 34. Kh2 1-0

[Event "GER-ch Blitz 2019"]
[Site "Magdeburg"]
[Date "2019.05.25"]
[Round "11.1"]
[White "Gustafsson, Jan"]
[Black "Buhmann, Rainer"]
[Result "1-0"]
[ECO "D35"]
[WhiteElo "2639"]
[BlackElo "2573"]
[Annotator "RC"]
[PlyCount "45"]
[EventDate "2019.05.25"]
[EventType "tourn"]
[EventCountry "GER"]
[Tiebreak "Number of wins+Number of black wins"]
[SourceTitle "playchess.com"]
[Source "ChessBase"]
[SourceQuality "1"]
[TimeControl "180+2"]

1. c4 e6 2. Nc3 d5 3. d4 Nf6 4. cxd5 exd5 5. Bg5 Be7 6. e3 O-O 7. Bd3 Re8 8. Qc2 h6 9. Bh4 c5 10. dxc5 d4 11. Bxf6 Bxf6 12. Ne4 dxe3 13. fxe3 Bg5 14. O-O-O Bxe3+ 15. Kb1 Qc7 16. Nf3 Be6 17. Rhe1 Bf4 18. g3 f5 19. gxf4 fxe4 20. Rxe4 Qf7 21. Rxe6 Rxe6 22. Bc4 Nc6 23. f5 1-0

[Event "GER-ch Blitz 2019"]
[Site "Magdeburg"]
[Date "2019.05.25"]
[Round "11.2"]
[White "Baskin, Robert"]
[Black "Braeuer, Franz"]
[Result "1-0"]
[ECO "A45"]
[WhiteElo "2398"]
[BlackElo "2445"]
[Annotator "NA"]
[PlyCount "97"]
[EventDate "2019.05.25"]
[EventType "tourn"]
[EventCountry "GER"]
[Tiebreak "Number of wins+Number of black wins"]
[SourceTitle "playchess.com"]
[Source "ChessBase"]
[SourceQuality "1"]
[TimeControl "180+2"]

1. d4 Nf6 2. Bf4 d5 3. e3 e6 4. Nd2 Bd6 5. Bg3 O-O 6. Ngf3 b6 7. c3 Bb7 8. Bd3 c5 9. Qe2 Qc7 10. e4 dxe4 11. Nxe4 Nxe4 12. Bxe4 Bxe4 13. Qxe4 Nd7 14. O-O Nf6 15. Qe2 Bxg3 16. hxg3 Rfd8 17. Rad1 cxd4 18. Nxd4 Qc5 19. Nf3 Rd5 20. Rxd5 Qxd5 21. c4 Qa5 22. b3 Rd8 23. Rd1 Rxd1+ 24. Qxd1 h6 25. Qc2 Qc5 26. Qd2 Ne4 27. Qd4 Qxd4 28. Nxd4 Kf8 29. Nb5 a5 30. Na7 Nd6 31. f3 Ke8 32. Nc6 f6 33. Kf2 Kd7 34. Nd4 e5 35.
Nc2 Kc6 36. Ke3 Kc5 37. Kd3 Nf5 38. g4 Nd6 39. a3 Nf7 40.
b4+ axb4 41. axb4+ Kc6 42.
Ne3 Nd8 43. Ke4 g6 44. Nd5 b5 45. cxb5+ Kxb5 46. Nxf6 Nc6 47. Nd7 Nxb4 48. Nxe5 g5 49. Nf7 1-0

[Event "GER-ch Blitz 2019"]
[Site "Magdeburg"]
[Date "2019.05.25"]
[Round "11.3"]
[White "Ehmann, Thilo"]
[Black "Koch, Thomas"]
[Result "1/2-1/2"]
[ECO "B54"]
[WhiteElo "2291"]
[BlackElo "2474"]
[Annotator "ChessBase"]
[PlyCount "168"]
[EventDate "2019.05.25"]
[EventType "tourn"]
[EventCountry "GER"]
[Tiebreak "Number of wins+Number of black wins"]
[SourceTitle "playchess.com"]
[Source "ChessBase"]
[SourceQuality "1"]
[TimeControl "180+2"]

1. e4 c5 2. Nf3 d6 3. d4 cxd4 4. Nxd4 Nf6 5. f3 a6 6. c4 e6 7. Nc3 Be7 8. Be3 O-O 9. Be2 b6 10. Qd2 Bb7 11. O-O Nbd7 12. Rfd1 Rc8 13. Rac1 Qc7 14. Bf1 Qb8 15. Kh1 Rfd8 16. Qf2 Re8 17. b3 Nc5 18. b4 Ncd7 19. Nb3 Bd8 20. Qg1 Bc7 21. Bf2 h6 22. a3 Bd8 23. Rb1 Bc7 24. Rdc1 Bc6 25.
a4 Ne5 26. c5 bxc5 27. bxc5 Qa8 28. cxd6 Bxd6 29. Na5 Ned7 30. Be2 Bf4 31. Rc2 Bxa4 32. Ra2
Rxc3 33. Rxa4 Rec8 34. Raa1 Be5 35. Nb3 Rxb3 36. Rxb3 Bxa1 37. Qxa1 Qc6 38. g3 Qc1+ 39.
Qxc1 Rxc1+ 40. Kg2 Ra1 41. Rb7 Ra2 42. Bc4 Ra4 43. Bf1 a5 44.
Ra7 Ra2 45. Bc4 Ra3 46. Bb5 Ne5 47. Be2 Ra2 48. Bf1 a4 49.
Ra5 Neg4 50. fxg4 Nxe4 51. Ra8+ Kh7 52. Bd3 Rxf2+ 53. Kg1 Ra2 54. Bxe4+ g6 55. h4 Kg7 56. g5 hxg5 57. hxg5 a3 58. Bf3 Kh7 59. Be4 Re2 60. Bf3 Re3 61. Kf2 Rb3 62. Be2 Kg7 63. Bc4 Rc3 64. Be2 e5 65. Ra5 e4 66. Re5 a2 67. Ra5 Rc2 68. Ke3 Rb2 69.
Bg4 Rg2 70. Kf4 e3 71. Kxe3 Rxg3+ 72. Kf4 Rg2 73. Ra7 Rf2+ 74.
Bf3 Rd2 75. Ke3 Rd6 76. Rxa2 Re6+ 77. Kf4 Re7 78.
Ra6 Rc7 79. Bd5 Re7 80. Rd6 Rc7 81. Bc6 Rc8 82. Bd5 Rc7 83.
Rc6 Rxc6 84. Bxc6 f6 1/2-1/2

[Event "GER-ch Blitz 2019"]
[Site "Magdeburg"]
[Date "2019.05.25"]
[Round "11.4"]
[White "Wichmann, Cliff"]
[Black "Kopylov, Michael"]
[Result "0-1"]
[ECO "D02"]
[WhiteElo "2280"]
[BlackElo "2413"]
[Annotator "NA"]
[PlyCount "127"]
[EventDate "2019.05.25"]
[EventType "tourn"]
[EventCountry "GER"]
[Tiebreak "Number of wins+Number of black wins"]
[SourceTitle "playchess.com"]
[Source "ChessBase"]
[SourceQuality "1"]
[TimeControl "180+2"]

1. d4 d5 2. Nf3 e6 3. c4 c6 4. Qc2 Nf6 5. g3 dxc4 6. Qxc4 b5 7. Qc2 Bb7 8. Bg2 Nbd7 9. O-O c5 10. dxc5 Bxc5 11. Bf4 Rc8 12. Qd1 O-O 13. Nbd2 Qb6 14. Nb3 Rfd8 15. Qe1 Be7 16. Qa5 Rc2 17. Rac1 Rdc8 18. Qxb6 Nxb6 19. Nfd4 Bxg2 20. Kxg2 Rxb2 21. Nc6 Nfd5 22. e4 Nxf4+ 23. gxf4 Kf8 24. Nxa7 Rxc1 25. Rxc1 Rxa2 26. Nxb5 Bh4 27. Rf1 Nc4 28. Kf3 Rb2 29. N5d4 e5 30. fxe5 Nxe5+ 31. Kf4 f6 32. Nc5 Bxf2 33. Nce6+ Kf7 34. h4 Bxh4 35. Ke3 Bg3 36. Nc5 Bf2+ 37. Rxf2 Ng4+ 38. Kf4 Nxf2 39. Nce6 Nd3+ 40. Ke3 Ne5 41. Nf4 Ra2 42. Nd5 Ra3+ 43. Kf2 g6 44. Nb5 Ra4 45. Nbc3 Rc4 46. Ke3 h5 47. Kd2 h4 48. Ne3 Rc8 49. Nb5 Rd8+ 50. Ke2 h3 51. Kf2 h2 52. Kg2 Rd2+ 53. Kh1 Nf3 54. Nf1 Rb2 55. Nd6+ Ke6 56. Nc4 Rc2 57. Nce3 Rf2 58. e5 fxe5 59. Ng3 Ra2 60. Nef1 g5 61. Ne4 g4 62. Neg3 Ke7 63. Nf5+ {[%emt 0:00:01] Ra1 
[%clk 0:00:17] N5g3 [%clk 0:01:20]} Kd8 {[%emt 0:00:02] Kg2 [%clk 0:01:21] e4 
[%clk 0:00:15] Ne3 [%clk 0:01:22]} 64. Nd4 {[%emt 0:00:05] Kf4 [%clk 0:01:23]
Qf3+ [%clk 0:00:18] Kg5 [%clk 0:01:24] Qf5+ [%clk 0:00:20] Kh4 [%clk 0:01:26]
Nf3+ [%clk 0:00:20] Kg3 [%clk 0:01:27] Ne5 [%clk 0:00:21] Kh4 [%clk 0:01:27]
Qxg4#} 0-1

[Event "GER-ch Blitz 2019"]
[Site "Magdeburg"]
[Date "2019.05.25"]
[Round "11.5"]
[White "Kirchner, Thomas"]
[Black "Feuerstack, Aljoscha"]
[Result "1/2-1/2"]
[ECO "B40"]
[WhiteElo "2311"]
[BlackElo "2441"]
[Annotator "NA"]
[PlyCount "176"]
[EventDate "2019.05.25"]
[EventType "tourn"]
[EventCountry "GER"]
[Tiebreak "Number of wins+Number of black wins"]
[SourceTitle "playchess.com"]
[Source "ChessBase"]
[SourceQuality "1"]
[TimeControl "180+2"]

1. e4 c5 2. Nf3 e6 3. c3 Nf6 4. Bd3 d5 5. e5 Nfd7 6. O-O Nc6 7. Re1 Qc7 8.
Bb5 Be7 9. d4 O-O 10. Be3 a6 11. Be2 b5 12. Nbd2 Bb7 13. Rc1 Rac8 14. Bd3 c4 15. Bb1 b4 16. h4 bxc3 17. bxc3 Rfe8 18. Ng5 Nf8 19. Qh5 Bxg5 20. Bxg5 Ne7 21. Nf3 Nf5 22. Bd2 Qd7 23. g4 Ne7 24. Ng5 Neg6 25. Re3 h6 26. Rf3 hxg5 27. hxg5 Bc6 28. Kg2 Rb8 29. Rh1 Rxb1 30. Rxb1 Ba4 31. Rh1 Rb8 32. Rfh3 f6 33. gxf6
gxf6 34. exf6 Rb2 35. Qg5 Bc2 36. Rh8+ Kf7 37. R1h7+ Nxh7 38. Rxh7+ Ke8 39. Rxd7 Kxd7 40. f7 Rb8 41. Bc1 Rf8 42. Qf6 Nh8 43. Ba3 Be4+ 44. Kg1 Rxf7 45. Qxh8
Rh7 46. Qxh7+ Bxh7 47. Bc5 Ke8 48. Kg2 Kf7 49. Kg3 Bb1 50. a3 Kg6 51. Kf4 Kf6 52. Bd6 Bc2 53. Be5+ Kg6 54.
Bc7 Kf6 55. Bd8+ Kf7 56. Bh4 Bd1 57. f3 Be2 58. Ke3 Bd1 59.
Bg3 Kf6 60. Be5+ Kf7 61. Kf4 Kg6 62. Kg3 Kf7 63. f4 Kg6 64. Kh4 Be2 65. Bd6 Bf3 66. Kg3 Bd1 67. Be7 Be2 68. Bd6 Bd1 69. Kh3 Be2 70. Kh4 Bd1 71. Be7 Be2 72. Bd8 Bd1 73. Kg3 Be2 74. g5 Kf5 75. Bc7 Bd1 76. Kf2 Bh5 77. Ke3 Be8 78. Be5 Ba4 79. Kf3 Bd1+ 80. Kg3 Be2 81. Kf2 Bd1 82. Ke3 Bb3 83. Kd2 Ba4 84. Kc1 Bb3 85. Kb2 Ba4 86. Ka2 Bb3+ 87. Ka1 Ba4 88. Kb2 Bb3 1/2-1/2

[Event "GER-ch Blitz 2019"]
[Site "Magdeburg"]
[Date "2019.05.25"]
[Round "11.6"]
[White "Voege, Tobias"]
[Black "Heidrich, Manfred"]
[Result "1-0"]
[ECO "A81"]
[WhiteElo "2294"]
[BlackElo "2351"]
[Annotator "NA"]
[PlyCount "173"]
[EventDate "2019.05.25"]
[EventType "tourn"]
[EventCountry "GER"]
[Tiebreak "Number of wins+Number of black wins"]
[SourceTitle "playchess.com"]
[Source "ChessBase"]
[SourceQuality "1"]
[TimeControl "180+2"]

1. d4 f5 2. g3 Nf6 3. Bg2 g6 4. Nf3 Bg7 5. O-O d6 6. c4 O-O 7. Nc3 Qe8 8. d5 Na6 9. Nd4 Bd7 10. b3 c6 11. Bb2 Nc7 12. dxc6 bxc6 13. Rb1 Rb8 14. e4 c5 15. Nc2 fxe4 16. Nxe4 Nxe4 17. Bxe4 Bf5 18. Bg2 Bxb2 19. Rxb2 a5 20. Ne3 Bd7 21. Nd5 Nxd5 22. Qxd5+ Qf7 23. Re2 Rfe8 24. Rfe1 Qxd5 25. Bxd5+ Kf8 26. Re4 e5 27. f4 Bf5 28. R4e3 exf4 29. gxf4 Rxe3 30. Rxe3 Re8 31. Kf2 Bb1 32. Rh3 Kg7 33. a3 Bc2 34. Rc3 Bf5 35. Bc6 Rc8 36. Bd5 Kf6 37. Re3 Rb8 38. Bc6 Bc2 39. Ba4 Bf5 40. Bc6 Rc8 41. Bb5 h6 42. b4 axb4 43. axb4 cxb4 44. Rb3 Ra8 45. Rxb4 Ra2+ 46. Kg3 h5 47. Bc6 Rc2 48. Bd5 Rc3+ 49.
Kf2 h4 50. Rb6 Ke7 51. Rb7+ Kd8 52. Rh7 Rc2+ 53. Kg1 h3 54. Rg7 Ke8 55. Rh7 Kf8 56. Rf7+ Ke8 57. Rh7 Rd2 58. Rg7 Rd4 59. Rg8+ Ke7 60. Rg7+ Kd8 61. Rg8+ Kc7 62. Rg7+ Kb6 63. Kf2 Rxf4+ 64. Kg3 Rd4 65. Rb7+ Ka5 66. Rb5+ Ka4 67. Rb6 Rd2 68. Rxd6 Rg2+ 69. Bxg2 hxg2 70. Kxg2 Kb4 71. Kg3 Kxc4 72. Kf4 Bb1 73. h4 Kc5 74. Rd8 Kc6 75. Kg5 Kc7 76. Rd2 Be4 77. Kf6 Kc6 78. Rd4 Bb1 79. Ke6 Kc7 80. Rc4+ Kd8 81. Rb4 Bf5+ 82. Kf6 Bc2 83. Rg4 Ke8 84. Rc4 Bd3 85. Rc8+ Kd7 86. Rg8 Kd6 87.
Rxg6 1-0

[Event "GER-ch Blitz 2019"]
[Site "Magdeburg"]
[Date "2019.05.25"]
[Round "11.7"]
[White "Svane, Frederik"]
[Black "Braeuning, Rudolf Wilhelm"]
[Result "1-0"]
[ECO "B36"]
[WhiteElo "2342"]
[BlackElo "2285"]
[Annotator "NA"]
[PlyCount "93"]
[EventDate "2019.05.25"]
[EventType "tourn"]
[EventCountry "GER"]
[Tiebreak "Number of wins+Number of black wins"]
[SourceTitle "playchess.com"]
[Source "ChessBase"]
[SourceQuality "1"]
[TimeControl "180+2"]

1. e4 c5 2. Nf3 g6 3. d4 cxd4 4. Nxd4 Nc6 5. c4 Nf6 6. Nc3 d6 7. Be2 Nxd4 8. Qxd4 Bg7 9. Be3 O-O 10. Qd2 a5 11. O-O a4 12. f3 Qa5 13.
Rab1 Be6 14. Nd5 Nxd5 15. Qxa5 Rxa5 16. cxd5 Bd7 17. Rfc1 Rc8 18. Rxc8+ Bxc8 19. Rc1 Ra8 20. b3 axb3 21. axb3 Ra1 22. Rxa1 Bxa1 23. Kf2 f5 24. Bb5 Kf7 25. Ke2 Be5 26. h3 Kf6 27. Kd3 g5 28. Be8 g4 29. hxg4 fxg4 30.
f4 Bb2 31. Bh5 Bd7 32. Kc4 e6 33. Kb4 exd5 34. exd5 Kf5 35. Ka5 Ke4 36. Bd2 Kxd5 37. Kb6 Kd4 38. Kxb7 Kd3 39. Ba5 Kc2 40. Kc7 Bf5 41. Kxd6 Kxb3 42. Bf7+ Kc2 43. Be6 Be4 44. Bd5 Bf5 45. Be6 Be4 46. Bd5 Bf5 47. Be6 1-0

[Event "GER-ch Blitz 2019"]
[Site "Magdeburg"]
[Date "2019.05.25"]
[Round "11.8"]
[White "Heistermann, Till"]
[Black "Schulze, Marc"]
[Result "0-1"]
[ECO "A45"]
[WhiteElo "2181"]
[BlackElo "2220"]
[Annotator "NA"]
[PlyCount "98"]
[EventDate "2019.05.25"]
[EventType "tourn"]
[EventCountry "GER"]
[Tiebreak "Number of wins+Number of black wins"]
[SourceTitle "playchess.com"]
[Source "ChessBase"]
[SourceQuality "1"]
[TimeControl "180+2"]

1. d4 Nf6 2. Bf4 d6 3. e3 Bf5 4. Nf3 c6 5. Nbd2 Nbd7 6. Be2 h6 7. h3 Qc7 8. O-O e5 9. dxe5 dxe5 10. Bh2 Rd8 11. Qc1 Ne4 12. Nc4 f6 13. Nh4 Be6 14. Bh5+ Bf7 15. Bxf7+ Kxf7 16. f4 exf4 17. Bxf4 Qc8 18. Nf5 Nb6 19. Nxb6 axb6 20. Nd4 Bc5 21. c3 Rhe8 22. Qc2 Bxd4 23. exd4 Kg8 24. Rae1 Qe6 25. Bc7 Rd7 26. Bxb6 f5 27. Qb3 Rd5 28. c4 Rd7 29. Qf3 Rf7 30. Qd3 Ra8 31.
a3 Ra4 32. d5 cxd5 33. c5 Qc6 34. Rd1 d4 35. b4 Nc3 36. Ra1 Qe4 37. Qc4 Ne2+ 38. Kh2 Qe5+ 39. Kh1 Ng3+ 40. Kg1 Nxf1 41. Qxf1 f4 42. Re1 Qd5 43. Qd3 Ra8 44. Re4 f3 45. Qxd4 f2+ 46. Kf1 Qb3 47. Rf4 Rxf4 48. Qxf4 Qd1+ 49. Kxf2 Rf8 0-1

[Event "GER-ch Blitz 2019"]
[Site "Magdeburg"]
[Date "2019.05.25"]
[Round "11.9"]
[White "Zelbel, Patrick"]
[Black "Barzen, Pascal"]
[Result "1/2-1/2"]
[ECO "B10"]
[WhiteElo "2439"]
[BlackElo "2292"]
[Annotator "NA"]
[PlyCount "129"]
[EventDate "2019.05.25"]
[EventType "tourn"]
[EventCountry "GER"]
[Tiebreak "Number of wins+Number of black wins"]
[SourceTitle "playchess.com"]
[Source "ChessBase"]
[SourceQuality "1"]
[TimeControl "180+2"]

1. e4 c6 2. c4 d5 3. cxd5
cxd5 4. exd5 Nf6 5. Nc3 Nxd5 6. Nf3 Nc6 7. Bb5 g6 8. O-O Bg7 9. Re1 O-O 10. d4 Bg4 11.
Be3 Nxe3 12. fxe3 e5 13.
Bxc6 bxc6 14. dxe5 Qb6 15. Qd4 Bxf3 16. Qxb6 axb6 17. gxf3 Bxe5 18. Rec1 Rfd8 19. Rc2 Rd3 20. Kf2 f5 21. Ke2 Rd6 22. f4 Bf6 23. a3 Re8 24. Rd1 Rde6 25.
Rd3 Be7 26. Kf3 Bc5 27. Nd1 h6 28. b4 Bf8 29. Rdc3 c5 30.
bxc5 Bxc5 31. a4 g5 32. fxg5 hxg5 33. h3 Rh6 34. Nf2 Rhe6 35. Nd1 Re5 36. Rg2 Be7 37. Rc6 Kf7 38. Rxb6 Bc5 39. Rb3 Kf6 40. Rc3 Rh8 41. Nf2 Rhe8 42. Nd1 Ra8 43. Rgc2 g4+ 44. hxg4 fxg4+ 45. Kxg4 Rxa4+ 46. Kf3 Rf5+ 47. Ke2 Bd6 48.
Rc6 Ke7 49. R6c4 Ra3 50. R4c3 Ra1 51. Rc1 Ra2+ 52. R1c2 Ra4 53. Rc4 Ra3 54. Re4+ Kd7 55. Rd4 Ke7 56. Rd3 Ra4 57. Rcd2 Be5 58. Rd5 Ke6 59. Rb5 Rh4 60. Rb6+ Ke7 61. Rb7+ Ke6 62. Rb6+ Ke7 63. Rb7+ Ke6 64. Rb6+ Ke7 65. Rb7+
1/2-1/2

[Event "GER-ch Blitz 2019"]
[Site "Magdeburg"]
[Date "2019.05.25"]
[Round "11.10"]
[White "Hebbinghaus, Holger"]
[Black "Kopylov, Daniel"]
[Result "1-0"]
[ECO "B20"]
[WhiteElo "2310"]
[BlackElo "2263"]
[Annotator "NA"]
[PlyCount "45"]
[EventDate "2019.05.25"]
[EventType "tourn"]
[EventCountry "GER"]
[Tiebreak "Number of wins+Number of black wins"]
[SourceTitle "playchess.com"]
[Source "ChessBase"]
[SourceQuality "1"]
[TimeControl "180+2"]

1. e4 c5 2. Be2 Nc6 3. f4 e6 4. Nf3 d5 5. d3 dxe4 6. dxe4 Qxd1+ 7. Bxd1 g6 8. c3 Bg7 9. Be3 b6 10. Nbd2 e5 11. Ba4 Bd7 12. Nc4 Nh6 13. fxe5 Ng4 14. Nd6+ Ke7 15. Bg5+ f6 16. exf6+ Bxf6 17. Bxf6+ Nxf6 18.
O-O-O Nd8 19. Bxd7 Nxd7 20. Rd2 Nf7 21. Nxf7 Kxf7 22. Rxd7+ Ke6 23. Rhd1 {[%emt 0:00:02] Kd5} 1-0

[Event "GER-ch Blitz 2019"]
[Site "Magdeburg"]
[Date "2019.05.25"]
[Round "11.11"]
[White "Schmaltz, Roland"]
[Black "Krause, Benedict"]
[Result "1-0"]
[ECO "B45"]
[WhiteElo "2461"]
[BlackElo "2434"]
[Annotator "ChessBase"]
[PlyCount "49"]
[EventDate "2019.05.25"]
[EventType "tourn"]
[EventCountry "GER"]
[Tiebreak "Number of wins+Number of black wins"]
[SourceTitle "playchess.com"]
[Source "ChessBase"]
[SourceQuality "1"]
[TimeControl "180+2"]

1. e4 c5 2. Nf3 e6 3. d4 cxd4 4. Nxd4 Nc6 5. Nc3 Nf6 6. Be3 Bb4 7. Nxc6 bxc6 8. Qd3 O-O 9. Be2 d5 10. e5 Ne4 11. O-O Nxc3 12. bxc3 Ba5 13. Bc5 Re8 14. Qg3 Bb6 15.
Bd4 Bd7 16. Rfd1 Rb8 17. Bd3 c5 18. Be3 c4 19. Bg5 Qc8 20.
Bf6 g6 21. Be2 Bd8 22. Qg5 Qc5 23. Rd4 Bxf6 24. exf6 e5 25. Rxd5 1-0

[Event "GER-ch Blitz 2019"]
[Site "Magdeburg"]
[Date "2019.05.25"]
[Round "11.12"]
[White "Schneider, Ilja"]
[Black "Stein, Robert"]
[Result "1-0"]
[ECO "A45"]
[WhiteElo "2494"]
[BlackElo "2318"]
[Annotator "ChessBase"]
[PlyCount "43"]
[EventDate "2019.05.25"]
[EventType "tourn"]
[EventCountry "GER"]
[Tiebreak "Number of wins+Number of black wins"]
[SourceTitle "playchess.com"]
[Source "ChessBase"]
[SourceQuality "1"]
[TimeControl "180+2"]

1. d4 Nf6 2. Bg5 d5 3. e3 Nbd7 4. Bd3 g6 5. Nf3 Bg7 6. O-O O-O 7. c4 c6 8. Nc3 a6 9. Qe2 b5 10. cxd5 cxd5 11. a4 b4 12. Na2 a5 13. Nc1 Qb6 14. Nb3 Bb7 15. Bb5 Rfc8 16. Rfc1 e6 17. Bxf6 Nxf6 18. Nc5 Bf8 19. Ne5 Bxc5 20. dxc5 Rxc5 21. Qf3 Kg7 22. Qxf6+ 1-0

[Event "GER-ch Blitz 2019"]
[Site "Magdeburg"]
[Date "2019.05.25"]
[Round "11.13"]
[White "Zuyev, Igor"]
[Black "Carow, Johannes"]
[Result "1/2-1/2"]
[ECO "B13"]
[WhiteElo "2447"]
[BlackElo "2445"]
[Annotator "NA"]
[PlyCount "48"]
[EventDate "2019.05.25"]
[EventType "tourn"]
[EventCountry "GER"]
[Tiebreak "Number of wins+Number of black wins"]
[SourceTitle "playchess.com"]
[Source "ChessBase"]
[SourceQuality "1"]
[TimeControl "180+2"]

1. e4 c6 2. d4 d5 3. exd5 cxd5 4. Bd3 Nc6 5. c3 Qc7 6. Ne2 Bg4 7. f3 Bd7 8. Bf4 e5 9. dxe5 Nxe5 10. Bc2 Nf6 11. O-O Bd6 12. Nd2 O-O 13.
Bg3 Nh5 14. Bf2 Nc4 15. Nxc4 Bxh2+ 16. Kh1 dxc4 17. g3 Bxg3 18. Nxg3 Nxg3+ 19. Bxg3 Qxg3 20. Qxd7 Qh4+ 21. Kg1 Qg3+ 22. Kh1 Qh4+ 23. Kg1 Qg3+ 24. Kh1 Qh4+ 1/2-1/2

[Event "GER-ch Blitz 2019"]
[Site "Magdeburg"]
[Date "2019.05.25"]
[Round "11.14"]
[White "Schulz, Karsten"]
[Black "Frischmann, Rick"]
[Result "1/2-1/2"]
[ECO "A04"]
[WhiteElo "2227"]
[BlackElo "2320"]
[Annotator "NA"]
[PlyCount "131"]
[EventDate "2019.05.25"]
[EventType "tourn"]
[EventCountry "GER"]
[Tiebreak "Number of wins+Number of black wins"]
[SourceTitle "playchess.com"]
[Source "ChessBase"]
[SourceQuality "1"]
[TimeControl "180+2"]

1. Nf3 Nc6 2. d4 d5 3. Bf4 Bg4 4. e3 e6 5. h3 Bh5 6. Be2 Bd6 7. Bxd6 cxd6 8. Nbd2 Nf6 9. c4 dxc4 10. Nxc4 Bxf3 11. Bxf3 d5 12. Nd2 Qb6 13. Qb3 Qa5 14. Qc3 Qxc3 15. bxc3 Rc8 16. c4 dxc4 17. Nxc4 Ke7 18. Nd2 Na5 19. Ke2 Rc3 20. Rhc1 Rhc8 21. Rxc3 Rxc3 22. Nb3 Rc2+ 23. Kd3 Nxb3 24. axb3 Rb2 25. Rxa7 Rxb3+ 26. Kc2 Rb6 27. Bxb7 g6 28. Kc3 Kf8 29. Bf3 h5 30. e4 Rc6+ 31. Kd3 Ne8 32. e5 Rb6 33. Ra8 Ke7 34. Kc4 Rb2 35. d5 exd5+ 36. Bxd5 Nc7 37. Ra7 Rc2+ 38. Kd3 Rc5 39. Ke4 Kf8 40. Rxc7 Rxc7 41. f4 Rc2 42. Ke3 Ke7 43. Be4 Rc3+ 44. Kd4 Rc1 45. Ke3 Ra1 46. Bd5 Ra3+ 47. Ke4 Ra4+ 48. Ke3 f6 49. exf6+ Kxf6 50. Be4 Ra3+ 51. Kf2 h4 52. Ke2 g5 53. fxg5+ Kxg5 54. Kf2 Kf4 55. Bd5 Rc3 56. Bb7 Rc2+ 57. Kf1 Kg3 58. Bf3 Rb2 59. Ke1 Rxg2 60. Bxg2 Kxg2 61. Ke2 Kxh3 62. Kf2 Kh2 63. Kf1 h3 64. Kf2 Kh1 65. Kf1 h2 66. Kf2 1/2-1/2

[Event "GER-ch Blitz 2019"]
[Site "Magdeburg"]
[Date "2019.05.25"]
[Round "11.15"]
[White "Hirneise, Jens"]
[Black "Stern, Rene"]
[Result "1/2-1/2"]
[ECO "C65"]
[WhiteElo "2375"]
[BlackElo "2538"]
[Annotator "ChessBase"]
[PlyCount "137"]
[EventDate "2019.05.25"]
[EventType "tourn"]
[EventCountry "GER"]
[Tiebreak "Number of wins+Number of black wins"]
[SourceTitle "playchess.com"]
[Source "ChessBase"]
[SourceQuality "1"]
[TimeControl "180+2"]

1. e4 e5 2. Nf3 Nc6 3. Bb5 Nf6 4. d4 exd4 5. e5 Ne4 6. Qe2 Nc5 7. O-O Be7 8. Rd1 d3 9. cxd3 a6 10. Bc4 b5 11. Bd5 Bb7 12. d4 Na4 13.
Be4 d5 14. exd6 Qxd6 15. Nc3 Nxc3 16. bxc3 O-O 17. a4 Rae8 18. Qc2 h6 19. axb5 axb5 20. Ba3 Qd7 21. Bxe7
Rxe7 22. Rab1 Nd8 23. Bxb7 Nxb7 24. Ne5 Qd5 25. Qb3 Qxb3 26. Rxb3 Nd6 27. g3 Ra8 28. Kg2 Ra2 29. Re1 c6 30. Rbb1 Rc7 31. Ra1 Rxa1 32. Rxa1 f6 33. Nd3 Ne4 34. Ra3 Re7 35. Nb4 Re6 36. Ra6 Nxc3 37. d5 Re8 38. dxc6 Rc8 39. Rb6 Kf7 40. Rb7+ Ke6 41. Rxg7 Nd5 42. Nd3 Rxc6 43. Rb7 Rc3 44. Nf4+ Nxf4+ 45. gxf4
Rc5 46. Kg3 h5 47. h4 Kd5 48. Rb6 f5 49. Rh6 b4 50. Rb6 Kc4 51. Kf3 Rb5 52. Rc6+ Kd3 53. Rd6+ Kc2 54. Rc6+ Kd2 55. Rd6+ Kc3 56. Ke3 b3 57. Rc6+ Kb4 58. Kd2 b2 59. Kc2 Rc5+ 60. Rxc5 Kxc5 61. Kxb2 Kd4 62. Kc2 Ke4 63. Kd2 Kxf4 64. Ke2 Kg4 65. Ke3 Kxh4 66. Kf4 Kh3 67. Kxf5 Kg2 68. Kg5 Kxf2 69. Kxh5 1/2-1/2

[Event "GER-ch Blitz 2019"]
[Site "Magdeburg"]
[Date "2019.05.25"]
[Round "12.1"]
[White "Baskin, Robert"]
[Black "Gustafsson, Jan"]
[Result "0-1"]
[ECO "A45"]
[WhiteElo "2398"]
[BlackElo "2639"]
[Annotator "ChessBase"]
[PlyCount "76"]
[EventDate "2019.05.25"]
[EventType "tourn"]
[EventCountry "GER"]
[Tiebreak "Number of wins+Number of black wins"]
[SourceTitle "playchess.com"]
[Source "ChessBase"]
[SourceQuality "1"]
[TimeControl "180+2"]

1. d4 Nf6 2. Bf4 d5 3. e3 c5 4. c3 Nc6 5. Nd2 e6 6. Ngf3 cxd4 7. exd4 Nh5 8. Be3 Bd6 9. Ne5 g6 10. g4 Ng7 11. h4 h5 12. Bg5 Be7 13.
Bxe7 Qxe7 14. Bb5 O-O 15. Bxc6 bxc6 16. gxh5 Nxh5 17. Qg4 Qf6 18. Rg1 Kh8 19. Ndf3 Qf4 20. Qxf4 Nxf4 21. Rg4 Nh5 22. Ng5 Kg7 23. Ngxf7 Rxf7 24. Rxg6+ Kh7 25. Rg5 Rf5 26. Rxf5 exf5 27. Nxc6 Ba6 28. O-O-O Nf4 29. Nb4 Be2 30. Rg1 a5 31. Nc6 Bb5 32. Rg5 Bxc6 33. Rxf5 Ne6 34. Rf6 Re8 35. f4 Kg7 36. Rf5 Rf8 37. Re5 Nxf4 38. Re7+ Rf7 0-1

[Event "GER-ch Blitz 2019"]
[Site "Magdeburg"]
[Date "2019.05.25"]
[Round "12.2"]
[White "Koch, Thomas"]
[Black "Buhmann, Rainer"]
[Result "0-1"]
[ECO "E11"]
[WhiteElo "2474"]
[BlackElo "2573"]
[Annotator "ChessBase"]
[PlyCount "150"]
[EventDate "2019.05.25"]
[EventType "tourn"]
[EventCountry "GER"]
[Tiebreak "Number of wins+Number of black wins"]
[SourceTitle "playchess.com"]
[Source "ChessBase"]
[SourceQuality "1"]
[TimeControl "180+2"]

1. d4 Nf6 2. c4 e6 3. Nf3 Bb4+ 4. Bd2 Be7 5. g3 a6 6. Bg2 b5 7. Ne5 Ra7 8. Nc3 Bb7 9. Bxb7 Rxb7 10. c5 d6 11. cxd6 cxd6 12. Nd3 O-O 13.
O-O Nbd7 14. Bg5 Nb6 15. Bxf6 Bxf6 16. e3 Qd7 17. Qf3 Nc4 18. Rfd1 Rc8 19. h4 Be7 20. Ne2 Rbc7 21. Nef4 d5 22. Qg4 g6 23. h5 Bd6 24. hxg6 hxg6 25. Kg2 Bxf4 26. Qxf4 Qd6 27. Qh4 Qe7 28. Qh3 Qf6 29. Rh1 Kf8 30. Qh8+ Qxh8 31. Rxh8+ Ke7 32. Rah1 Nd6 33. Nc5 Ne4 34. Rxc8 Rxc8 35. Nxe4 dxe4 36. Rh4 Rc2 37. Rxe4 Rxb2 38. a4 b4 39. d5 Kd6 40. dxe6 fxe6 41.
Kf3 a5 42. Rd4+ Kc5 43. Re4 Kd5 44. Rd4+ Ke5 45. Re4+ Kf6 46. Rf4+ Ke7 47. Rg4 Ra2 48. Rxg6 Rxa4 49. Rg7+ Kf6 50. Rb7 Ra2 51. g4 Rb2 52. Ra7 Ra2 53. Rb7 Ra1 54. Ke4 Rb1 55. Ra7 Ra1 56. Rb7 Ra4 57. f4 b3+ 58. Kd3 Ra3 59. g5+ Kg6 60.
Rb6 b2+ 61. Ke4 Ra4+ 62. Kd3 Ra3+ 63. Kc2 Rxe3 64. Ra6 Re2+ 65. Kb1 Kf5 66. Rxa5+ Kxf4 67. g6 Rg2 68. g7 Rxg7 69. Kxb2 Rc7 70. Rh5 e5 71. Rh4+ Kf3 72.
Rh3+ Kg4 73. Rh1 e4 74. Rg1+ Kf3 75. Rf1+ Ke2 0-1